 Dungeon Crawl Stone Soup version 0.30-a0-591-g3c58d2bc28 (webtiles) character file.

Game seed: 8024947801973332810

270 Newt the Trooper (level 6, -3/48 HPs)
             Began as a Demonspawn Gladiator on Jan 6, 2023.
             Slain by a gnoll
             ... wielding a +0 halberd
             ... led by a gnoll sergeant
              (10 damage)
             ... on level 4 of the Dungeon.
             The game lasted 00:03:52 (3127 turns).

Newt the Trooper (Demonspawn Gladiator)             Turns: 3127, Time: 00:03:52

Health: -3/48      AC: 12    Str: 17    XL:     6   Next: 1%
Magic:  6/6        EV:  7    Int:  9    God:
Gold:   221        SH:  0    Dex: 14    Spells: 5/5 levels left

rFire   . . .      SeeInvis .    C - +4 hand axe
rCold   . . .      Faith    .    (no shield)
rNeg    . . .      Spirit   .    F - +2 chain mail {rPois}
rPois   +          Reflect  .    c - +0 helmet
rElec   .          Harm     .    A - +0 cloak {Will+}
rCorr   .          Rampage  .    (no gloves)
Will    +....                    (no boots) Stlth
                                 (no amulet)
HPRegen 0.28/turn                (no ring)
MPRegen 0.10/turn                (no ring)

@: no status effects
A: hooves 1
a: no special abilities


You were on level 4 of the Dungeon.
You visited 1 branch of the dungeon, and saw 4 of its levels.

You collected 221 gold pieces.

Inventory:

Hand Weapons
 a - a +0 rapier of freezing
 s - a +1 dagger of venom
 w - a +2 antimagic morningstar
 C - a +4 hand axe (weapon)
Missiles
 d - 3 throwing nets
 h - 8 poisoned darts (quivered)
Armour
 b - a +0 leather armour
 c - a +0 helmet (worn)
 u - a +0 cloak
 A - a +0 cloak of willpower (worn)
 F - a +2 chain mail of poison resistance (worn)
Jewellery
 r - a ring of fire
Wands
 p - a wand of polymorph (8)
 y - a wand of flame (18)
 D - a wand of roots (9)
Scrolls
 f - 2 scrolls of teleportation
 j - a scroll of noise
 l - a scroll of enchant weapon
 v - 2 scrolls of identify
 G - a scroll of poison
Potions
 g - 2 potions of might
 i - a potion of attraction {unknown}
 k - a potion of mutation {unknown}
 m - 4 potions of curing
 n - a potion of invisibility {unknown}
 o - 2 potions of flight {unknown}
 q - 3 potions of heal wounds {unknown}
 t - a potion of cancellation {unknown}
 x - a potion of degeneration {unknown}
 z - a potion of haste {unknown}
 B - a potion of magic {unknown}
 E - a potion of brilliance {unknown}


   Skills:
 - Level 4.0 Fighting
 - Level 2.6 Short Blades
 + Level 3.4(3.5) Axes
 - Level 1.0(2.4) Maces & Flails
 - Level 1.7 Throwing
 - Level 2.6 Dodging
 - Level 2.0 Stealth


You had 5 spell levels left.
You didn't know any spells.
Your spell library contained the following spells:

 Spells                   Type           Power      Damage    Failure   Level
 Cigotuvi's Dreadful Rot  Necr/Pois/Air  0%         N/A       100%        2
 Poisonous Vapours        Pois/Air       0%         N/A       100%        2
 Mephitic Cloud           Conj/Pois/Air  0%         N/A       100%        3
 Stone Arrow              Conj/Erth      0%         3d7       100%        3
 Animate Armour           Summ/Erth      0%         N/A       100%        4
 Lehudib's Crystal Spear  Conj/Erth      0%         10d2      100%        8


Dungeon Overview and Level Annotations

Branches:
Dungeon (4/15)
 Temple: D:4-7

Altars:
Ashenzari
Cheibriados
Nemelex Xobeh
Ru

Shops:
D:1 (


Innate Abilities, Weirdness & Mutations

You have large cloven feet.


Message History

Aim: a gnoll, wielding a +0 halberd (lightly wounded, poisoned, 64% to hit)
You throw a poisoned dart.
The poisoned dart barely misses the gnoll.
The poisoned dart hits the gnoll.
The gnoll looks even sicker.
The gnoll is almost dead.
You kill the gnoll!
The gnoll hits you from afar with a +0 halberd.
You have reached level 6!
You don't have any such object.
Fire/throw/use which item? ([*] to toss any item) (? for menu, Esc to quit)
Okay, then.
Throw: 10 darts (poison)
Press: ? - help, Q - select action, (/) - cycle Shift-Dir - straight line, f/p - gnoll
Aim: a gnoll, wielding a +0 halberd (lightly wounded, poisoned, 64% to hit)
You throw a poisoned dart. The poisoned dart hits the gnoll.
The gnoll looks even sicker.
The gnoll is lightly wounded.
The gnoll hits you from afar with a +0 halberd.
* * * LOW HITPOINT WARNING * * *
Throw: 9 darts (poison)
Press: ? - help, Q - select action, (/) - cycle Shift-Dir - straight line, f/p - gnoll
Aim: a gnoll, wielding a +0 halberd (lightly wounded, very poisoned, 64% to hit)
You throw a poisoned dart.
The poisoned dart closely misses the gnoll.
The poisoned dart hits the gnoll.
The gnoll is poisoned.
The gnoll hits you from afar with a +0 halberd.
* * * LOW HITPOINT WARNING * * *
Throw: 8 darts (poison)
Press: ? - help, Q - select action, (/) - cycle Shift-Dir - straight line, f/p - gnoll
Aim: a gnoll, wielding a +0 halberd (lightly wounded, very poisoned, 64% to hit)
Okay, then.
Aiming: Fastroot
Press: ? - help, Shift-Dir - straight line, f/p - gnoll
Aim: a gnoll, wielding a +0 halberd (lightly wounded, very poisoned)
The roots erupt in riotous growth!
Roots grab the gnoll.
Roots grab the gnoll.
The grasping roots constrict the gnoll. x2
The gnoll hits you from afar with a +0 halberd!
You die...

....# ######≈....# ##'## ....#
#.?.#≈≈#.#.###...## ....#
#...#≈≈#.#.##.....## ## ....#
...#≈≈#.#.#.......## ##.
....#≈###(###≈#.#..........####..
.....≈##≈.≈##≈.............+....<
.####≈≈≈≈.≈≈≈≈.............####..
....###.#gg#####..#.......## ##.
.##.# #.##g# #@###...>.## ##
.##.# #.##(# #.# ##...## ....#
#.##(# #g# ##'## ....#
#.##.#####g# #.# ....#
#.....gg..(# #.# #.###
####..g#########.## ##### #.#
##...............####...## #.#
##....>..#####.....##.#.... #.#
#.........#####...##.##.##.


You could see 2 gnolls.

Vanquished Creatures
  A gnoll sergeant (D:4)
  A hound (D:4)
  Crazy Yiuf (D:3)
  An iguana (D:4)
  3 gnolls (D:4)
  3 adders
  3 dart slugs
  2 orcs
  2 endoplasms
  4 giant cockroaches
  7 goblins
  A hobgoblin (D:1)
  4 jackals (D:1)
  2 quokkas
  4 ball pythons
  8 bats
  6 frilled lizards
  5 kobolds
  4 rats (D:1)
62 creatures vanquished.

Notes
Turn   | Place    | Note
-------+----------+-------------------------------------------
     0 | D:1      | Newt the Demonspawn Gladiator began the quest for the Orb.
     0 | D:1      | Reached XP level 1. HP: 16/16 MP: 1/1
    57 | D:1      | Reached skill level 1 in Stealth
   131 | D:1      | Gained mutation: You have large cloven feet. [demonic
                  | ancestry]
   131 | D:1      | Reached XP level 2. HP: 21/22 MP: 2/2
   438 | D:1      | Found Xoigas's Weapon Emporium.
   575 | D:1      | Reached XP level 3. HP: 24/28 MP: 3/3
   956 | D:2      | Reached skill level 3 in Fighting
  1418 | D:3      | Found a snail-covered altar of Cheibriados.
  1482 | D:3      | Found a broken altar of Ashenzari.
  1483 | D:3      | Found a sacrificial altar of Ru.
  1502 | D:3      | Reached XP level 4. HP: 37/37 MP: 1/4
  1652 | D:3      | Found a runed translucent door.
  1653 | D:3      | Noticed Crazy Yiuf
  1724 | D:3      | Found a sparkling altar of Nemelex Xobeh.
  1827 | D:3      | Killed Crazy Yiuf
  1828 | D:3      | Reached skill level 4 in Fighting
  1828 | D:3      | Reached skill level 1 in Maces & Flails
  2346 | D:4      | Reached skill level 1 in Axes
  2725 | D:4      | Reached XP level 5. HP: 39/42 MP: 5/5
  3125 | D:4      | Reached XP level 6. HP: 17/48 MP: 6/6
  3127 | D:4      | Slain by a gnoll

Illustrated notes

Levels and vault maps discovered:
D:1:      spicycebolla_green_bress_n_ham, layout_loops_cross, serial_shops, shop
D:2:      layout_rooms
D:3:      layout_rooms, mainiacjoe_overflow_cross_hatched, jmf_multi_god_temple,
          mainiacjoe_overflow_alcove_2, kennysheep_minor_cross,
          uniq_crazy_yiuf_cottage
D:4:      layout_loops_corners, kennysheep_orc_sif_temple,
          hangedman_decor_clover_reticule, dk_noncrumbling_3,
          hangedman_decor_growths, lightli_minifort

Skill      XL: |  1  2  3  4  5 |
---------------+----------------+-----
Stealth        | 1 2 |  2.0
Fighting       | 3 4 |  4.0
Maces & Flails | 1 |  1.0
Axes           | 1 3 |  3.4
Short Blades   | |  2.6
Throwing       | |  1.7
Dodging        | |  2.6

Action                   |  1- 3 |  4- 6 || total
-------------------------+-------+-------++-------
Melee: Rapier            |    88 |       ||    88
       Kick              |    21 |    12 ||    33
       Punch             |     2 |       ||     2
       Dagger            |    39 |       ||    39
       Morningstar       |     1 |     8 ||     9
       Hand axe          |       |    29 ||    29
Throw: Throwing net      |       |     1 ||     1
       Dart              |       |    11 ||    11
       Javelin           |       |     1 ||     1
Evoke: Wand              |       |     2 ||     2
  Use: Scroll            |     8 |     1 ||     9
       Potion            |     1 |       ||     1
 Stab: Sleeping          |     4 |     2 ||     6
Armor: Leather armour    |    44 |     6 ||    50
       Chain mail        |       |    17 ||    17
Dodge: Dodged            |   101 |    19 ||   120

Table legend: (Time is in decaauts)
 A = Elapsed time spent in this place.
 B = Non-inter-level travel time spent in this place.
 C = Inter-level travel time spent in this place.
 D = Time resting spent in this place.
 E = Time spent auto-exploring this place.
 F = Levels seen in this place.
 G = Mean time per level.
                   A        B        C        D        E       F      G
               +--------+--------+--------+--------+--------+-----+--------+
         Total |   3136 |   3030 |    106 |    341 |   2140 |   4 |  784.0 |
       Dungeon |   3136 |   3030 |    106 |    341 |   2140 |   4 |  784.0 |
               +--------+--------+--------+--------+--------+-----+--------+

Top non-repeatable levels by time:
     D:4: 1268 daAuts
     D:1: 785 daAuts
     D:3: 692 daAuts
     D:2: 390 daAuts
